 Dungeon Crawl Stone Soup version 0.17-a0-1805-g6093636 (webtiles) character file.

1747 KambridgeKobold the Blocker (level 8, -1/66 HPs)
             Began as a Minotaur Fighter on Sept 12, 2015.
             Killed from afar by Pikel (16 damage)
             ... with a wand of cold
             ... on level 5 of the Dungeon.
             The game lasted 00:24:44 (5380 turns).

KambridgeKobold the Blocker (Minotaur Fighter)      Turns: 5380, Time: 00:24:44

Health: -1/66      AC: 14    Str: 20    XL:     8   Next: 77%
Magic:  7/7        EV:  5    Int: 10    God:
Gold:   134        SH: 12    Dex: 13    Spells: 0 memorised, 7 levels left

rFire  . . .     SeeInvis .     a - +0 flail
rCold  . . .     Clarity  .     B - +0 plate armour
rNeg   . . .     SustAt   .     c - +0 shield
rPois  .         Gourm    .     (helmet restricted)
rElec  .         Spirit   .     p - +0 cloak
rCorr  .         Warding  .     z - +0 pair of gloves
rMut   .         Stasis   .     (no boots)
MR     +....                    (no amulet)
Stlth  ..........               t - ring of loudness (curse)
                                y - ring of protection from magic

@: brilliant, somewhat resistant to hostile enchantments, extremely unstealthy
A: retaliatory headbutt, horns 2, wild magic 1
a: no special abilities


You were on level 5 of the Dungeon.
You were not hungry.

You visited 1 branch of the dungeon, and saw 5 of its levels.
You also visited: Ossuary.

You collected 134 gold pieces.

Inventory:

Hand weapons
 a - a +0 flail (weapon)
 E - a +0 morningstar
Missiles
 q - 6 javelins (quivered)
Armour
 c - a +0 shield (worn)
 p - a +0 cloak (worn)
 z - a +0 pair of gloves (worn)
 B - a +0 plate armour (worn)
Jewellery
 t - a cursed ring of loudness (right hand)
 y - a ring of protection from magic (left hand)
Magical devices
 F - a wand of lightning (9)
Scrolls
 k - 2 scrolls of teleportation {unknown}
 m - 2 scrolls of enchant weapon {unknown}
 n - a scroll of random uselessness
 r - a scroll of noise {unknown}
 v - 4 scrolls of remove curse
 D - 2 scrolls of recharging {unknown}
 G - a scroll of blinking {unknown}
Potions
 b - a potion of degeneration {unknown}
 d - 2 potions of might
 f - 3 potions of agility
 g - a potion of flight {unknown}
 i - 2 potions of haste
 j - 4 potions of curing
 s - a potion of beneficial mutation
 u - 3 potions of lignification
 w - a potion of brilliance
 x - 2 potions of ambrosia
 A - a potion of magic {unknown}
 C - a potion of heal wounds {unknown}
 I - a potion of berserk rage {unknown}
Comestibles
 e - 4 bread rations
 h - a beef jerky
 l - 2 meat rations
 o - 5 fruits
 H - 9 chunks of flesh


   Skills:
 - Level 4.2 Fighting
 - Level 6.1 Maces & Flails
 - Level 5.0 Armour
 + Level 11.8 Shields


You had 7 spell levels left.
You didn't know any spells.

Dungeon Overview and Level Annotations

Branches:
Dungeon (5/15)
 Temple: D:4-7

Altars:
Nemelex Xobeh
Zin

Shops:
D:5 *

Annotations:
D:5 Pikel


Innate Abilities, Weirdness & Mutations

You reflexively headbutt those who attack you in melee.
You have a pair of horns on your head.
Your spells are a little harder to cast, but a little more powerful.


Message History

Pikel is moderately wounded.
You block Pikel's attack. The slave hits you.
A slave comes into view.
The slave shouts!
Throwing (i - inventory):
q - 7 javelins (quivered)
Press: ? - help, Shift-Dir - straight line, f - Pikel
Aim: Pikel, wielding a whip of flaming, wearing a runed robe and carrying a wand of cold {zapped: 2} (moderately wounded)
You throw a javelin. The javelin hits Pikel.
Pikel is moderately wounded.
Pikel zaps a wand.
The bolt of cold hits you!
* * * LOW HITPOINT WARNING * * *
Drink which item? (? for menu, Esc to quit)
It was a potion of beneficial mutation.
You feel less in control of your magic.
You feel fantastic!
Drink which item? (? for menu, Esc to quit)
It was a potion of brilliance.
You feel clever all of a sudden.
Pikel zaps a wand.
The bolt of cold hits you!
You die...

#.# #.#
########.#
#........#
#.#####..#####
#......####...
#.............
#
#.####.######
#.#####@#
#...#
#..pppK.#
###.#
####.#### #.#
#.# #.# #####
#.#
###_'.#####
#.#
#.###.....#
#.#
##...####.#
#.# ##.## #.#
#.#


You could see Pikel and 3 slaves.

Vanquished Creatures
  Duvessa (D:5)
  A phantom (D:4)
  2 ogres
  2 centaurs (D:5)
  Dowan (D:5)
  5 water moccasin zombies (Ossuary)
  A scorpion (D:4)
  A jelly (D:5)
  A gnoll shaman (D:4)
  3 hounds (D:5)
  A crimson imp (D:5)
  2 orc priests (D:3)
  4 worker ants
  An iguana (D:4)
  2 orc wizards
  3 big kobold zombies (Ossuary)
  A hound skeleton (D:4)
  2 mummies (Ossuary)
  10 gnolls (D:4)
  8 adders
  2 adder zombies (Ossuary)
  3 adder skeletons (D:4)
  5 worms
  17 orcs
  6 bats (D:2)
  5 giant cockroaches
  3 gnoll zombies (Ossuary)
  7 hobgoblins
  4 jackals (D:4)
  4 ball pythons
  3 giant geckos
  A giant gecko skeleton (D:4)
  9 giant newts
  9 goblins
  6 hobgoblin zombies
  3 kobolds
  A kobold zombie (Ossuary)
  3 orc zombies (Ossuary)
  A quokka (D:4)
  7 rats
151 creatures vanquished.

Notes
Turn   | Place    | Note
--------------------------------------------------------------
     0 | D:1      | KambridgeKobold the Minotaur Fighter began the quest for the Orb.
     0 | D:1      | Reached XP level 1. HP: 19/19 MP: 0/0
   307 | D:1      | Reached XP level 2. HP: 27/27 MP: 1/1
   611 | D:2      | Reached skill level 4 in Armour
   831 | D:2      | Reached XP level 3. HP: 33/33 MP: 2/2
  1438 | D:2      | Found a sparkling altar of Nemelex Xobeh.
  1553 | D:2      | Reached XP level 4. HP: 21/40 MP: 3/3
  1993 | D:3      | Reached XP level 5. HP: 36/46 MP: 4/4
  2036 | D:3      | Reached skill level 5 in Armour
  2036 | D:3      | Reached skill level 5 in Shields
  2605 | D:4      | Noticed an ogre
  2616 | D:4      | Killed an ogre
  2616 | D:4      | Reached skill level 5 in Maces & Flails
  2616 | D:4      | Reached XP level 6. HP: 12/52 MP: 5/5
  2968 | D:4      | Reached skill level 6 in Shields
  2972 | D:4      | Noticed a phantom
  2998 | D:4      | Killed a phantom
  3040 | D:4      | Found a sand-covered staircase.
  3061 | Ossuary  | Entered an ossuary
  3215 | Ossuary  | Reached XP level 7. HP: 59/59 MP: 6/6
  3247 | Ossuary  | Reached skill level 7 in Shields
  3368 | Ossuary  | Reached skill level 8 in Shields
  3951 | D:4      | Reached skill level 9 in Shields
  4159 | D:4      | Reached XP level 8. HP: 59/66 MP: 7/7
  4693 | D:5      | Entered Level 5 of the Dungeon
  4710 | D:5      | Noticed Duvessa
  4711 | D:5      | Noticed Dowan
  4730 | D:5      | Killed Duvessa
  4730 | D:5      | Reached skill level 10 in Shields
  4767 | D:5      | Found Sircheg's Superlative Supplies.
  4846 | D:5      | Found a glowing silver altar of Zin.
  4912 | D:5      | Killed Dowan
  5249 | D:5      | Reached skill level 11 in Shields
  5367 | D:5      | Noticed Pikel
  5379 | D:5      | Gained mutation: Your spells are a little harder to cast, but a little more powerful. [potion of beneficial mutation]
  5380 | D:5      | Killed from afar by Pikel

Vault maps used:
D:1:      sevenhm_arrival_forest_fort_small_3
D:2:      nemelex_lonely_heart_becter
D:4:      enter_ossuary_3, first_bread
D:5:      kennysheep_mini, nicolae_alphabet_shops, uniq_duvessa, uniq_pikel
Ossuary:  ossuary_tomb_2

Action                   |  1- 3 |  4- 6 |  7- 9 || total
-------------------------+-------+-------+-------++-------
Melee: Flail             |   157 |   172 |   282 ||   611
Throw: Javelin           |       |     4 |     1 ||     5
  Use: Scroll            |       |     7 |     3 ||    10
       Potion            |       |     1 |     3 ||     4
 Stab: Invisible         |       |     8 |       ||     8
  Eat: Chunk             |     2 |     6 |     8 ||    16
